 Dungeon Sprint DCSS version 0.28-a0-1629-gf728b707aa (webtiles) character file.

Game seed: 3565701712056014510

23270 mhtbhm the Fencer (level 12, -14/126 (132) HPs)
             Began as a Minotaur Fighter on Jan 25, 2022.
             Was an Initiate of Gozag.
             Killed by vampiric draining
             ... invoked by a vampire knight
              (22 damage)
             ... in the Dungeon (Sprint IX: "|||||||||||||||||||||||||||||").
             The game lasted 00:08:42 (3869 turns).

mhtbhm the Fencer (Minotaur Fighter)                Turns: 3869, Time: 00:08:42

HP:   -14/126 (132) AC: 44    Str: 25    XL:     12   Next: 70%
MP:   11/11         EV:  7    Int:  5    God:    Gozag
Gold: 4644          SH: 19    Dex: 11    Spells: 11/11 levels left

rFire   + + +      SeeInvis .   a - +1 demon blade (venom)
rCold   + + .      Faith    .   c - +1 tower shield
rNeg    . . .      Spirit   .   b - +15 gold dragon scales of the Hanged Man {Harm *Corrode rElec rPois rF+ rC+ Stlth-}
rPois   +          Reflect  .   (helmet restricted)
rElec   +          Harm     +   J - +1 cloak
rCorr   +          Rampage  .   (no gloves)
Will    .....      NoTele   +   m - +0 pair of boots
Stlth   ..........              (no amulet)
HPRegen 0.31/turn               E - ring of protection from fire
MPRegen 0.12/turn               o - +2 ring of protection

@: brilliant, resistant, flayed, on berserk cooldown, hasted and slowed, lightly
drained
A: horns 2, retaliatory headbutt
a: Renounce Religion, Potion Petition, Call Merchant, Bribe Branch


You were in the Dungeon.
You worshipped Gozag.
Gozag was most pleased with you.
You visited 1 branch You collected 8832 gold pieces.
You spent 2278 gold pieces at shops.
You paid 1910 gold pieces to Gozag.

Inventory:

Hand Weapons
 a - a +1 demon blade of venom (weapon)
 I - a +2 scimitar of flaming
Missiles
 v - 2 curare-tipped darts (quivered)
 y - 2 throwing nets
Armour
 b - the +15 gold dragon scales of the Hanged Man (worn) {Harm *Corrode rElec rPois rF+ rC+ Stlth-}
   (You found it in the Dungeon)

   rF:        It protects you from fire.
   rC:        It protects you from cold.
   rElec:     It insulates you from electricity.
   rPois:     It protects you from poison.
   *Corrode:  It may corrode you when you take damage.
   Harm:      It increases damage dealt and taken.
   Stlth:     It makes you less stealthy.
 c - a +1 tower shield (worn)
 l - a +0 cloak
 m - a +0 pair of boots (worn)
 J - a +1 cloak (worn)
Jewellery
 o - a +2 ring of protection (right hand)
 E - a ring of protection from fire (left hand)
 G - a ring of protection from cold
Wands
 x - a wand of mindburst (2)
 D - a wand of iceblast (8)
Scrolls
 g - 2 scrolls of magic mapping
 j - 3 scrolls of blinking
 k - 2 scrolls of amnesia
 n - a scroll of fog
 r - 2 scrolls of enchant weapon
 s - 3 scrolls of identify
 t - 6 scrolls of enchant armour
 u - 2 scrolls of fear
 w - a scroll of immolation
Potions
 d - 3 potions of might
 e - 10 potions of curing
 f - 2 potions of resistance
 h - 5 potions of magic
 i - a potion of brilliance
 p - a potion of heal wounds
 q - a potion of berserk rage
 z - 2 potions of haste
 A - a potion of cancellation
 B - a potion of ambrosia
 C - 2 potions of attraction


   Skills:
 + Level 19.9 Fighting
 + Level 20.9 Long Blades
 + Level 19.2 Armour
 + Level 8.5 Dodging
 + Level 4.7 Stealth
 + Level 15.8 Shields
 + Level 5.6 Evocations


You had 11 spell levels left.
You didn't know any spells.
Your spell library contained the following spells:

 Spells                   Type           Power      Damage    Failure   Level
 Animate Skeleton         Necr           0%         N/A       100%        1
 Apportation              Tloc           0%         N/A       100%        1
 Summon Small Mammal      Summ           0%         N/A       100%        1


Dungeon Overview and Level Annotations

Branches:
Dungeon (1/1)

Altars:
Cheibriados
Dithmenos
Elyvilon
Fedhas
Gozag
Hepliaklqana
Kikubaaqudgha
Makhleb
Nemelex Xobeh
Okawaru
Qazlal
Ru
Sif Muna
Trog
Uskayaw
Vehumet
Wu Jian
Xom
Yredelemnul
Zin
The Shining One
Beogh
Jiyva
Lugonu

Shops:
D !*([


Innate Abilities, Weirdness & Mutations

You have a pair of horns on your head.
You reflexively headbutt those who attack you in melee.


Message History

You feel much better.
The vampire knight casts a spell.
The vampire knight flickers and vanishes!
Something draws life force from you!
Unknown command.
Unknown command.
You hit something. Something hits you but does no damage.
Something bites you but does no damage.
You closely miss something. You block something's attack.
Something bites you but does no damage. Something hits you but does no damage.
Something bites you but does no damage.
You hit something but do no damage. Your headbutt misses something.
The flayed ghost is no longer distracted by gold.
You hear some strange, mumbled words.
The glowing orange brain pulsates.
You are confused.
Something hits you but does no damage. Something bites you but does no damage.
Unknown command.
You slice something!! Something hits you but does no damage.
Something bites you.
Something draws strength from your injuries!
You bump into the unnaturally hard rock wall.
Something hits you. Something bites you.
Something draws strength from your injuries!
Something hits you but does no damage. Something bites you but does no damage.
Unknown command.
You feel better. Something draws life force from you!
* * * LOW HITPOINT WARNING * * *
You block something's attack. Something bites you but does no damage.
The glowing orange brain pulsates.
Something tries to feed on your intellect!
You slice something!! Something hits you!
* * * LOW HITPOINT WARNING * * *
Something bites you.
* * * LOW HITPOINT WARNING * * *
Something draws strength from your injuries!
Something completely misses you. Something bites you but does no damage.
You hit something but do no damage. Something draws life force from you!!
You die...
Your body crumbles into a pile of gold.

▓_▓.▓.▓.▓'▓.▓B▓
▓'▓.▓'▓.▓)▓.▓.▓
▓.▓.▓.▓.▓)▓.▓+▓
▓.▓.▓.▓.▓)▓.▓$▓
▓)▓.▓.▓.▓)▓.▓$▓
▓.▓.▓.▓.▓)▓.▓$▓
▓.▓.▓.▓)▓∩▓)▓$▓
▓[▓.▓.▓.▓.▓.▓{▓
▓.▓.▓.▓.▓∩▓.▓@▓
▓.▓.▓.▓)▓.▓.▓{▓
▓.▓.▓.▓.▓∩▓.▓W▓
▓'▓.▓.▓.▓.▓.▓W▓
▓)▓.▓.▓.▓∩▓.▓G▓
▓.▓.▓(▓.▓.▓.▓G▓
▓.▓.▓'▓.▓.▓.▓.▓
▓.▓.▓.▓.▓.▓.▓.▓
▓.▓.▓.▓.▓.▓.▓


You could see a great orb of eyes, 2 flayed ghosts and a glowing orange brain.

Vanquished Creatures
  A stone giant (D)
  A boulder beetle (D)
  Harold (D)
  A rakshasa (D)
  2 hydras (D)
  5 ogre magi (D)
  4 two-headed ogres (D)
  A catoblepas (D)
  2 centaur warriors (D)
  A tengu warrior (D)
  3 death yaks (D)
  Sonja (D)
  An orc knight (D)
  A deep elf pyromancer (D)
  2 orc sorcerers (D)
  4 ugly things (D)
  2 black mambas (D)
  A gargoyle (D)
  2 cane toads (D)
  A tengu conjurer (D)
  2 komodo dragons (D)
  2 trolls (D)
  A blink frog (D)
  A slime creature (D)
  4 yaks (D)
  A steam dragon (D)
  4 water moccasins (D)
  9 orc warriors (D)
  7 ogres (D)
  A wolf (D)
  3 bullfrogs (D)
  2 killer bees (D)
  A hound (D)
  4 orc priests (D)
  5 orc wizards (D)
  A worm (D)
  5 orcs (D)
  A jackal (D)
  2 quokkas (D)
  A ball python (D)
  A giant cockroach zombie (D)
  A jackal zombie (D)
  A rat (D)
97 creatures vanquished.

Vanquished Creatures (others)
  A tengu warrior (D)
1 creature vanquished.

Grand Total: 98 creatures vanquished

Notes
Turn   | Place    | Note
-------+----------+-------------------------------------------
     0 | D        | mhtbhm the Minotaur Fighter began the quest for the Orb.
     0 | D        | Reached XP level 1. HP: 19/19 MP: 0/0
    66 | D        | Noticed an ogre
    66 | D        | Noticed an ogre
    66 | D        | Noticed a hound
    70 | D        | Reached XP level 2. HP: 28/28 MP: 1/1
    73 | D        | Killed an ogre
    74 | D        | Reached skill level 4 in Long Blades
    74 | D        | Reached XP level 3. HP: 38/38 MP: 2/2
    74 | D        | Reached XP level 4. HP: 45/45 MP: 3/3
    75 | D        | Killed an ogre
    76 | D        | Reached skill level 5 in Long Blades
    76 | D        | Reached XP level 5. HP: 53/53 MP: 4/4
   117 | D        | Found a snail-covered altar of Cheibriados.
   117 | D        | Found a shadowy altar of Dithmenos.
   117 | D        | Found a white marble altar of Elyvilon.
   117 | D        | Found a blossoming altar of Fedhas.
   117 | D        | Found an opulent altar of Gozag.
   118 | D        | Found a hazy altar of Hepliaklqana.
   119 | D        | Found a viscous altar of Jiyva.
   120 | D        | Found an ancient bone altar of Kikubaaqudgha.
   121 | D        | Found a corrupted altar of Lugonu.
   122 | D        | Found a burning altar of Makhleb.
   123 | D        | Found a sparkling altar of Nemelex Xobeh.
   124 | D        | Found an iron altar of Okawaru.
   125 | D        | Became a worshipper of Gozag Ym Sagoz the Greedy
   126 | D        | Found a stormy altar of Qazlal.
   127 | D        | Found a sacrificial altar of Ru.
   128 | D        | Found a shimmering blue altar of Sif Muna.
   129 | D        | Found a bloodstained altar of Trog.
   130 | D        | Found a hide-covered altar of Uskayaw.
   131 | D        | Found a radiant altar of Vehumet.
   132 | D        | Found an ornate altar of the Wu Jian Council.
   133 | D        | Found a shimmering altar of Xom.
   134 | D        | Found a basalt altar of Yredelemnul.
   135 | D        | Found a glowing silver altar of Zin.
   136 | D        | Found a glowing golden altar of the Shining One.
   183 | D        | Noticed a troll
   183 | D        | Noticed a troll
   195 | D        | Reached skill level 6 in Long Blades
   195 | D        | Reached skill level 1 in Dodging
   195 | D        | Reached XP level 6. HP: 31/63 MP: 5/5
   253 | D        | Killed a troll
   254 | D        | Reached skill level 10 in Fighting
   254 | D        | Reached skill level 8 in Long Blades
   254 | D        | Reached skill level 10 in Shields
   254 | D        | Reached XP level 7. HP: 47/73 MP: 6/6
   258 | D        | Killed a troll
   259 | D        | Reached skill level 9 in Long Blades
   259 | D        | Reached skill level 10 in Armour
   259 | D        | Reached skill level 1 in Evocations
   419 | D        | Noticed a four-headed hydra
   419 | D        | Noticed a slime creature
   419 | D        | Noticed a tengu warrior
   419 | D        | Noticed a centaur warrior
   419 | D        | Noticed a gargoyle
   419 | D        | Noticed a red ugly thing
   423 | D        | Killed a one-headed hydra
   424 | D        | Reached skill level 11 in Long Blades
   424 | D        | Reached XP level 8. HP: 57/83 MP: 7/7
   429 | D        | Killed a slime creature
   439 | D        | Killed a tengu warrior
   440 | D        | Reached skill level 12 in Long Blades
   446 | D        | Killed a centaur warrior
   447 | D        | Reached skill level 13 in Long Blades
   447 | D        | Reached XP level 9. HP: 23/93 MP: 8/8
   456 | D        | Killed a red ugly thing
   457 | D        | Reached skill level 14 in Long Blades
   461 | D        | Killed a gargoyle
   897 | D        | Noticed a six-headed hydra
   897 | D        | Noticed a black mamba
   897 | D        | Noticed a komodo dragon
   897 | D        | Noticed a komodo dragon
   901 | D        | Noticed a boulder beetle
   903 | D        | Killed a two-headed hydra
   904 | D        | Reached skill level 15 in Long Blades
   905 | D        | Killed a black mamba
   906 | D        | Reached skill level 5 in Dodging
   906 | D        | Reached XP level 10. HP: 88/102 MP: 9/9
   918 | D        | Reached skill level 16 in Long Blades
  1060 | D        | Killed a boulder beetle
  1108 | D        | Noticed a cane toad
  1109 | D        | Noticed a black mamba
  1110 | D        | Reached skill level 17 in Long Blades
  1113 | D        | Killed a cane toad
  1113 | D        | Noticed a cane toad
  1135 | D        | Killed a black mamba
  1474 | D        | Reached skill level 5 in Evocations
  1482 | D        | Killed a cane toad
  1562 | D        | Noticed a death yak
  1562 | D        | Noticed a catoblepas
  1562 | D        | Noticed a death yak
  1563 | D        | Noticed a death yak
  1573 | D        | Killed a death yak
  1574 | D        | Reached skill level 15 in Fighting
  1574 | D        | Reached skill level 15 in Armour
  1574 | D        | Reached skill level 1 in Stealth
  1586 | D        | Killed a catoblepas
  1587 | D        | Reached skill level 18 in Long Blades
  1587 | D        | Reached XP level 11. HP: 71/112 MP: 10/10
  1976 | D        | Killed a death yak
  1989 | D        | Killed a death yak
  2466 | D        | Noticed an orc sorcerer
  2472 | D        | Noticed an orc sorcerer
  2482 | D        | Killed an orc sorcerer
  2484 | D        | Killed an orc sorcerer
  2763 | D        | Noticed an orc knight
  2873 | D        | Killed an orc knight
  3139 | D        | Found Qaucucze's Distillery.
  3139 | D        | Noticed a two-headed ogre
  3139 | D        | Noticed an ogre mage
  3139 | D        | Noticed an ogre mage
  3144 | D        | Killed a two-headed ogre
  3145 | D        | Reached skill level 19 in Long Blades
  3145 | D        | Noticed an ogre mage
  3147 | D        | Killed an ogre mage
  3152 | D        | Killed an ogre mage
  3155 | D        | Found Feirall's General Store.
  3157 | D        | Noticed a two-headed ogre
  3158 | D        | Found Cairhacs's Weapon Emporium.
  3158 | D        | Noticed a two-headed ogre
  3160 | D        | Paralysed by an ogre mage for 4 turns
  3166 | D        | Killed an ogre mage
  3170 | D        | Killed a two-headed ogre
  3176 | D        | Killed a two-headed ogre
  3177 | D        | Reached XP level 12. HP: 75/127 MP: 11/11
  3180 | D        | Found Geuleiwo's Antique Armour Shoppe.
  3186 | D        | Noticed an ogre mage
  3214 | D        | Killed an ogre mage
  3215 | D        | Noticed a two-headed ogre
  3227 | D        | Killed a two-headed ogre
  3228 | D        | Reached skill level 20 in Long Blades
  3249 | D        | Reached skill level 15 in Shields
  3487 | D        | Bought crude swamp dragon scales for 1375 gold pieces
  3487 | D        | Identified the +4 swamp dragon scales of the Tired
                  | Ziggurats {rPois rF+} (You bought it in a shop in the
                  | Dungeon)
  3496 | D        | Bought 7 stones for 8 gold pieces
  3496 | D        | Bought 2 potions of curing for 72 gold pieces
  3496 | D        | Bought a scroll of magic mapping for 42 gold pieces
  3496 | D        | Bought a scroll of enchant weapon for 90 gold pieces
  3496 | D        | Bought a scroll of immolation for 42 gold pieces
  3496 | D        | Bought a wand of mindburst (7) for 132 gold pieces
  3498 | D        | Bought a potion of magic for 88 gold pieces
  3498 | D        | Bought a potion of might for 44 gold pieces
  3498 | D        | Bought a potion of haste for 110 gold pieces
  3498 | D        | Bought a potion of curing for 33 gold pieces
  3498 | D        | Bought a potion of curing for 33 gold pieces
  3498 | D        | Bought a potion of cancellation for 88 gold pieces
  3498 | D        | Bought a potion of ambrosia for 88 gold pieces
  3498 | D        | Bought a potion of attraction for 33 gold pieces
  3522 | D        | Noticed Sonja
  3528 | D        | Killed Sonja
  3550 | D        | Noticed Harold
  3559 | D        | Killed Harold
  3722 | D        | Got the +15 gold dragon scales of the Hanged Man {Harm
                  | *Corrode rElec rPois rF+ rC+ Stlth-}
  3795 | D        | Noticed an ogre mage
  3795 | D        | Noticed a boulder beetle
  3795 | D        | Noticed a tengu warrior
  3798 | D        | Noticed a centaur warrior
  3803 | D        | Killed an ogre mage
  3812 | D        | Noticed a stone giant
  3817 | D        | Killed a tengu warrior
  3818 | D        | Noticed a rakshasa
  3823 | D        | Killed a centaur warrior
  3824 | D        | Noticed a vampire mage
  3840 | D        | Killed a rakshasa
  3845 | D        | Killed a stone giant
  3851 | D        | Noticed a vampire knight
  3853 | D        | Noticed a great orb of eyes
  3869 | D        | Killed from afar by a vampire knight

Illustrated notes

Levels and vault maps discovered:
D:        linesprint [early_d, line_temple, items_1, d_10, items_2, lair_1,
          lair_end, items_3, orc_1, orc_end, items_4, d_15, swamp_1, shoals_1,
          snake_1, spider_1, d_20, vaults_1, items_5, swamp_end, shoals_end,
          snake_end, spider_end, vaults_end, d_27, items_6, zot_1, zot_end,
          crypt_end, forest_end, elf_end, slime_end, tomb_end, abyss_end,
          pan_hell_end]

Skill      XL: |  1  2  3  4  5  6  7  8  9 10 11 12 |
---------------+-------------------------------------+-----
Fighting       | 4 6 8 9 10 11 13 15 17 19 | 19.9
Armour         | 4 6 7 8 9 11 12 13 15 17 19 | 19.2
Shields        | 4 6 7 8 10 11 12 13 14 15 | 15.8
Long Blades    | 4 5 6 8 11 13 15 18 19 20 | 20.9
Dodging        | 1 2 4 5 6 7 8 |  8.5
Evocations     | 1 2 3 5 |  5.6
Stealth        | 1 3 4 |  4.7

Action                   |  1- 3 |  4- 6 |  7- 9 | 10-12 || total
-------------------------+-------+-------+-------+-------++-------
Melee: Long sword        |    16 |     4 |       |       ||    20
       Headbutt          |     1 |     1 |     6 |    75 ||    83
       Scimitar          |       |    15 |    34 |   264 ||   313
       Demon blade       |       |       |       |    55 ||    55
Invok: Potion Petition   |       |       |     1 |     3 ||     4
Evoke: Wand              |       |     3 |     6 |     7 ||    16
  Use: Potion            |     1 |       |     4 |     3 ||     8
 Stab: Distracted        |       |       |       |     4 ||     4
Armor: Scale mail        |     3 |       |       |       ||     3
       Chain mail        |       |     9 |    23 |    62 ||    94
       Gold dragon scale |       |       |       |    39 ||    39
       Swamp dragon scal |       |       |       |     1 ||     1
Dodge: Dodged            |     9 |     7 |    23 |    47 ||    86
Block: Buckler           |     3 |     7 |     5 |    39 ||    54
       Tower shield      |       |       |       |    42 ||    42

Table legend: (Time is in decaauts)
 A = Elapsed time spent in this place.
 B = Non-inter-level travel time spent in this place.
 C = Inter-level travel time spent in this place.
 D = Time resting spent in this place.
 E = Time spent auto-exploring this place.
 F = Levels seen in this place.
 G = Mean time per level.
                   A        B        C        D        E       F      G
               +--------+--------+--------+--------+--------+-----+--------+
         Total |   3757 |   3704 |     53 |   1666 |    804 |   1 | 3757.0 |
       Dungeon |   3757 |   3704 |     53 |   1666 |    804 |   1 | 3757.0 |
               +--------+--------+--------+--------+--------+-----+--------+

Top non-repeatable levels by time:
       D: 3757 daAuts
